 Dungeon Crawl Stone Soup version 0.29-a0-322-g68df515 (webtiles) character file.

Game seed: 4189642673607025028

26 Toastz the Ruffian (level 2, -11/29 HPs)
             Began as a Troll Fighter on Apr 7, 2022.
             Was a High Priest of Ignis.
             Mangled by Sigmund
             ... wielding a +0 scythe
              (12 damage)
             ... on level 2 of the Dungeon.
             The game lasted 00:03:43 (871 turns).

Toastz the Ruffian (Troll Fighter)                   Turns: 871, Time: 00:03:44

Health: -11/29     AC:  4    Str: 23    XL:     2   Next: 89%
Magic:  1/1        EV:  8    Int:  4    God:    Ignis [*****.]
Gold:   59         SH:  7    Dex:  9    Spells: 1/1 levels left

rFire   + + .      SeeInvis .     - Unarmed
rCold   + . .      Faith    .   b - +0 kite shield
rNeg    . . .      Spirit   .   g - +0 robe
rPois   +          Reflect  .   (helmet restricted)
rElec   +          Harm     .   (no cloak)
rCorr   +          Rampage  .   (gloves unavailable)
Will    .....                   (boots unavailable)
Stlth   +.........              (no amulet)
HPRegen 0.89/turn               i - ring of flight
MPRegen 0.07/turn               (no ring)

@: resistant, flying
A: large, unfitting armour, claws 3, regeneration 1, shaggy fur 1, tough skin 1
a: Renounce Religion, Fiery Armour, Foxfire Swarm, Rising Flame


You were on level 2 of the Dungeon.
You worshipped Ignis.
Ignis was extremely pleased with you.
You visited 1 branch of the dungeon, and saw 2 of its levels.

You collected 59 gold pieces.

Inventory:

Hand Weapons
 a - a +0 hunting sling
Missiles
 e - 112 stones (quivered)
Armour
 b - a +0 kite shield (worn)
 g - a +0 robe (worn)
Jewellery
 i - a ring of flight (left claw)
Scrolls
 h - a scroll of identify {unknown}
 j - a scroll of immolation {unknown}
 k - a scroll of fear {unknown}
Potions
 c - a potion of might
 f - a potion of degeneration {unknown}


   Skills:
 + Level 2.7 Fighting
 - Level 2.4 Dodging
 - Level 2.4 Shields
 * Level 3.0 Unarmed Combat


You had one spell level left.
You didn't know any spells.
Your spell library was empty.

Dungeon Overview and Level Annotations

Branches:
Dungeon (2/15)

Altars:
Ignis

Annotations:
D:2 Sigmund


Innate Abilities, Weirdness & Mutations

You are too large for most types of armour.
You have claws for hands.
Your natural rate of healing is unusually fast.
You are covered in fur. (AC +1)
You have tough skin. (AC +1)


Message History

Sigmund shouts!
Sigmund moves out of view.
a - a +0 hunting sling (weapon)
You shoot a sling bullet.
The sling bullet closely misses Sigmund.
Unknown command.
You shoot a sling bullet. The sling bullet hits Sigmund.
Sigmund is lightly wounded.
Sigmund gestures wildly while chanting.
Sigmund flickers and vanishes!
Deactivating autopickup; reactivate with Ctrl-A.
You are now empty-clawed.
Okay, then.
Something hits you.
You scratch something. You scratch something but do no damage.
You hear some strange, mumbled words.
You are confused.
You bump into the rock wall.
Something hits you.
You bump into the rock wall.
Something hits you.
You barely miss something. Something hits you.
Okay, then.
You bump into the rock wall.
You bump into the rock wall.
You feel less confused.
You hear some strange, mumbled words.
A magic dart appears from out of thin air!
The magic dart hits you. Something hits you!
* * * LOW HITPOINT WARNING * * *
It was a potion of resistance.
You feel protected. Something hits you!
You die...

........ # .......#
#########.# .......#
#.....@.{.#
.......####.#######...#
.......+...........
.....
.......####.#####.#
.... .......#....###
### .......'...........
##.#####.).######.#
...# #...# ########...#


There were no monsters in sight!

Vanquished Creatures
  2 dart slugs (D:1)
  3 ball pythons
  2 endoplasms (D:1)
  A goblin (D:1)
  A jackal (D:1)
  3 quokkas
  A bat (D:1)
  A frilled lizard (D:1)
  4 kobolds (D:1)
  3 rats (D:1)
21 creatures vanquished.

Notes
Turn   | Place    | Note
-------+----------+-------------------------------------------
     0 | D:1      | Toastz the Troll Fighter began the quest for the Orb.
     0 | D:1      | Reached XP level 1. HP: 22/22 MP: 0/0
    11 | D:1      | Found a faded altar of an unknown god.
    53 | D:1      | Prayed at the altar of an unknown god.
    53 | D:1      | Became a worshipper of Ignis, the Dying Flame
   104 | D:1      | Reached XP level 2. HP: 29/29 MP: 1/1
   460 | D:1      | Reached skill level 3 in Unarmed Combat
   855 | D:2      | Noticed Sigmund
   870 | D:2      | HP: 1/29 [something (9)]
   871 | D:2      | Mangled by Sigmund

Illustrated notes

Levels and vault maps discovered:
D:1:      dpeg_arrival_pond, layout_basic, ebering_ecumenical_altar_petrified,
          st_stairs_9
D:2:      layout_basic, minmay_strange_pillars, minivault_23,
          minmay_goblin_kobold_house, uniq_sigmund

Skill      XL: |  1  2 |
---------------+-------+-----
Unarmed Combat | 3 |  3.0
Fighting       | |  2.7
Dodging        | |  2.4
Shields        | |  2.4

Action                   || total
-------------------------++-------
Melee: Unarmed           ||    48
 Fire: Hunting sling     ||     2
  Use: Potion            ||     1
Armor: Robe              ||    15
Dodge: Dodged            ||    11
Block: Kite shield       ||    10

Table legend: (Time is in decaauts)
 A = Elapsed time spent in this place.
 B = Non-inter-level travel time spent in this place.
 C = Inter-level travel time spent in this place.
 D = Time resting spent in this place.
 E = Time spent auto-exploring this place.
 F = Levels seen in this place.
 G = Mean time per level.
                   A        B        C        D        E       F      G
               +--------+--------+--------+--------+--------+-----+--------+
         Total |    875 |    842 |     33 |      0 |    693 |   2 |  437.5 |
       Dungeon |    875 |    842 |     33 |      0 |    693 |   2 |  437.5 |
               +--------+--------+--------+--------+--------+-----+--------+

Top non-repeatable levels by time:
     D:1: 608 daAuts
     D:2: 266 daAuts
